 Dungeon Sprint DCSS version 0.23-a0-147-g7935be9 (webtiles) character file.

1251 Fang the Fighter (level 8, -4/90 HPs)
             Began as a Gargoyle Berserker on Sept 6, 2018.
             Was a High Priest of Trog.
             Killed from afar by a deep elf mage (14 damage)
             ... with a shard of ice
             ... in the Dungeon (Sprint VII: "The Pits").
             The game lasted 00:02:44 (963 turns).

Fang the Fighter (Gargoyle Berserker)                Turns: 963, Time: 00:02:45

Health: -4/90      AC:  8    Str: 28    XL:     8   Next: 51%
Magic:  8/8        EV: 14    Int:  8    God:    Trog [*****.]
Gold:   0          SH:  0    Dex:  9    Spells: 7/7 levels left

rFire    . . .     SeeInvis .   n - +2 hand axe (freeze)
rCold    . . .     Gourm    .   (no shield)
rNeg     + . .     Faith    .   b - +0 animal skin
rPois    ∞         Spirit   .   (no helmet)
rElec    +         Reflect  .   (no cloak)
rCorr    .         Harm     .   (no gloves)
MR       .....     NoTele   +   (no boots)
Stlth    ..........             (no amulet)
HPRegen  0.25/turn              (no ring)
MPRegen  0.11/turn              (no ring)

@: berserking (expiring), slowed
A: negative energy resistance 1, electricity resistance, unbreathing,
petrification resistance, rot immunity, AC +5
a: Berserk, Trog's Hand, Brothers in Arms, Renounce Religion


You were in the Dungeon.
You worshipped Trog.
Trog was extremely pleased with you.
You were very hungry.

You visited 1 branch

Inventory:

Hand Weapons
 j - a +2 hand axe
 n - a +2 hand axe of freezing (weapon)
Armour
 b - a +0 animal skin (worn)
Scrolls
 i - a scroll of blinking
 k - 3 scrolls of remove curse
 l - a scroll of summoning
Potions
 a - 2 potions of invisibility
 d - 6 potions of curing
 e - 6 potions of heal wounds
 f - a potion of haste
 g - 4 potions of magic
 h - 3 potions of berserk rage
Comestibles
 c - 8 rations


   Skills:
 + Level 11.9 Fighting
 + Level 11.4 Axes
 + Level 5.1 Armour
 + Level 5.9 Dodging
 + Level 3.7 Stealth


You had 7 spell levels left.
You didn't know any spells.
Your spell library was empty.

Dungeon Overview and Level Annotations

Branches:
Dungeon (1/1)

Altars:


Innate Abilities, Weirdness & Mutations

You are resistant to torment.
Your stone body is resilient. (AC +5)
You are immune to poison.
You resist negative energy. (rN+)
You are resistant to electric shocks. (rElec)
You can survive without breathing.
You are immune to petrification.
You are immune to rotting.


Message History

Unknown command.
You slash the ice beast!
The ice beast is almost dead.
The ice beast hits you.
* * * LOW HITPOINT WARNING * * *
The ice beast freezes you.
* * * LOW HITPOINT WARNING * * *
Unknown command.
You slash the ice beast!
You kill the ice beast!
Unknown command.
You closely miss the deep elf mage.
The deep elf mage is lightly wounded.
The deep elf mage hits you but does no damage.
Unknown command.
You slash the deep elf mage! You freeze the deep elf mage.
The deep elf mage is heavily wounded.
The deep elf mage casts a spell at you. The shard of ice hits you!
You die...

#.#.....#'###...<...#
#÷#........##.......#
#.#........##.......#
#'###########.......#
#.......#..##########
#..###..#.# ###
#.......#.# .p.#
##÷###.##'#....#
#.......#@e.p..+
#..###..#[#..p.#
#......)'.# ...#
########### ###


You could see a deep elf mage and 3 neutral freed slaves.

Vanquished Creatures
  A shadow wraith (D)
  Pikel (D)
  A flying skull (D)
  A warg (D)
  A slave (D)
  2 necrophages (D)
  A scorpion (D)
  A killer bee (D)
  A crimson imp (D)
  An iguana (D)
  An iron imp (D)
  A jelly (D)
  An adder (D)
  2 river rats (D)
  An ufetubus (D)
  An ooze (D)
  A leopard gecko (D)
  2 orcs (D)
  A giant cockroach (D)
  A hobgoblin (D)
  A kobold (D)
24 creatures vanquished.

Notes
Turn   | Place    | Note
-------+----------+-------------------------------------------
     0 | D        | Fang the Gargoyle Berserker began the quest for the Orb.
     0 | D        | Reached XP level 1. HP: 14/14 MP: 1/1
   234 | D        | Reached XP level 2. HP: 20/20 MP: 2/2
   236 | D        | Reached ** piety under Trog
   455 | D        | Noticed a crimson imp
   461 | D        | Reached *** piety under Trog
   461 | D        | Reached skill level 5 in Fighting
   461 | D        | Reached XP level 3. HP: 26/26 MP: 3/3
   465 | D        | Reached skill level 5 in Axes
   465 | D        | Reached XP level 4. HP: 32/32 MP: 4/4
   564 | D        | Noticed a necrophage
   565 | D        | Noticed a warg
   577 | D        | Killed a necrophage
   577 | D        | Reached **** piety under Trog
   577 | D        | Reached skill level 1 in Stealth
   577 | D        | Reached XP level 5. HP: 39/39 MP: 5/5
   581 | D        | Killed a warg
   581 | D        | Reached XP level 6. HP: 37/45 MP: 6/6
   816 | D        | Noticed a flying skull
   820 | D        | Killed a flying skull
   820 | D        | Reached ***** piety under Trog
   820 | D        | Reached skill level 10 in Fighting
   820 | D        | Reached XP level 7. HP: 52/52 MP: 7/7
   825 | D        | Received a gift from Trog
   904 | D        | Reached skill level 5 in Dodging
   918 | D        | Reached skill level 10 in Axes
   942 | D        | Noticed Pikel
   942 | D        | Noticed a deep elf mage
   953 | D        | Killed Pikel
   953 | D        | Reached skill level 5 in Armour
   953 | D        | Reached XP level 8. HP: 60/60 MP: 8/8
   957 | D        | Killed a shadow wraith
   963 | D        | Killed from afar by a deep elf mage

Vault maps used:
D:        pitsprint

Skill      XL: |  1  2  3  4  5  6  7 |
---------------+----------------------+-----
Fighting       | 4 5 6 7 8 10 11 | 11.9
Axes           | 3 4 5 7 8 9 11 | 11.4
Dodging        | 2 3 4 5 |  5.9
Armour         | 3 4 5 |  5.1
Stealth        | 1 2 3 |  3.7

Action                   |  1- 3 |  4- 6 |  7- 9 || total
-------------------------+-------+-------+-------++-------
Melee: Hand axe          |    23 |    24 |    39 ||    86
Invok: Berserk           |     2 |     3 |     3 ||     8
  Eat: Chunk             |       |     3 |       ||     3
       Ration            |       |       |     1 ||     1
Armor: Animal skin       |     7 |     3 |     2 ||    12
Dodge: Dodged            |    13 |     7 |    10 ||    30

Table legend:
 A = Non-vault XP
 B = Vault XP
 C = Vault XP percentage of total XP
 D = Non-vault monster count
 E = Vault monster count
 F = Vault count percentage of total count
                 A         B        C        D         E       F
            +---------+---------+-------+---------+---------+-------
      Total |       0 |    1788 | 100.0 |       0 |      23 | 100.0
            +---------+---------+-------+---------+---------+-------
          D |       0 |    1788 | 100.0 |       0 |      23 | 100.0
            +---------+---------+-------+---------+---------+-------
